AoeStats
← natkhattj

Arabia

510498012Analyzed
1v1 RM · 17h ago on Oct 1, 2026· 31m 54s· 2 players
Game mode
Random Map
Map size
Tiny (2 player)
Population
200
Speed
Normal
Resources
Standard
Victory
Conquest
Starting age
Dark Age
Ending age
Imperial Age
RankedLock teamsTeams togetherTeam positionsShared explorationLock speedFull tech treeHidden civsTurbo modeCheats
Victory
Defeat
🇩🇪 Magyars · Germany
1472
+14
🇮🇳 Malay · India
1439
-14
natkhattj
3:23 Loom
10:25 Feudal Age
10:35 Man-at-Arms
18:47 Forging
22:36 Castle Age
21:53 Pikeman
26:06 Squires
Larry
10:59 Feudal Age
11:11 Loom
11:25 Loom
15:17 Castle Age
15:05 Double-Bit Axe
22:08 Scale Barding Armor
28:14 Horse Collar
30:04 Chain Barding Armor
30:25 Bloodlines
30:24 Husbandry
Connection lost

Rejoining the realm…

Still unreachable

The connection could not be restored.

Session expired

The server has moved on; the page needs a fresh start.